AoeStats
← Ysuixin

Arabia

510042314Analyzed
1v1 RM · 1d ago on Sep 29, 2026· 68m 5s· 2 players
Game mode
Random Map
Map size
Tiny (2 player)
Population
200
Speed
Normal
Resources
Standard
Victory
Conquest
Starting age
Dark Age
Ending age
Imperial Age
RankedLock teamsTeams togetherTeam positionsShared explorationLock speedFull tech treeHidden civsTurbo modeCheats
Victory
Defeat
🇲🇽 Slavs · Mexico
1007
+16
🇨🇳 Magyars · China
1005
-16
Ysuixin
7:32 Loom
9:50 Feudal Age
10:35 Double-Bit Axe
12:42 Horse Collar
21:05 Castle Age
20:08 Bloodlines
20:11 Gold Mining
20:55 Scale Barding Armor
23:25 Chain Barding Armor
26:06 Husbandry
27:56 Wheelbarrow
31:04 Heavy Plow
34:48 Imperial Age
33:05 Stone Mining
35:15 Town Watch
35:51 Heavy Cavalry Archer
37:07 Thumb Ring
37:42 Parthian Tactics
39:14 Crop Rotation
38:57 Bow Saw
39:23 Fletching
39:34 Padded Archer Armor
40:10 Plate Barding Armor
42:34 Two-Man Saw
41:32 Bodkin Arrow
41:53 Leather Archer Armor
42:40 Bracer
43:29 Fervor
45:40 Conscription
46:01 Hoardings
46:24 Gold Shaft Mining
49:24 Ballistics
50:05 Chemistry
50:12 Hand Cart
50:46 Recurve Bow
52:03 Ring Archer Armor
53:01 Corvinian Army
53:56 Elite Magyar Huszar
55:36 Siege Engineers
55:44 Masonry
55:29 Murder Holes
65:14 Elite Skirmisher
66:01 Scale Mail Armor
67:41 Pikeman
King Marco Aurelio
3:20 Loom
11:43 Feudal Age
12:11 Double-Bit Axe
12:14 Horse Collar
22:04 Castle Age
20:05 Stone Mining
20:08 Gold Mining
20:48 Fletching
22:28 Forging
23:12 Bow Saw
23:05 Heavy Plow
22:28 Pikeman
24:06 Squires
24:08 Scale Mail Armor
25:46 Wheelbarrow
29:55 Gold Shaft Mining
30:07 Chain Mail Armor
30:58 Masonry
35:32 Imperial Age
33:45 Iron Casting
33:54 Hand Cart
34:42 Town Watch
35:52 Scale Barding Armor
37:17 Two-Man Saw
37:31 Crop Rotation
36:31 Halberdier
37:34 Conscription
38:43 Chemistry
37:56 Murder Holes
38:45 Ballistics
38:37 Druzhina
39:51 Blast Furnace
40:41 Siege Engineers
42:16 Plate Mail Armor
42:29 Hoardings
43:00 Heavy Scorpion
50:24 Chain Barding Armor
51:44 Plate Barding Armor
50:35 Light Cavalry
51:26 Bloodlines
51:16 Husbandry
57:02 Hussar
63:07 Capped Ram
66:21 Siege Ram
Connection lost

Rejoining the realm…

Still unreachable

The connection could not be restored.

Session expired

The server has moved on; the page needs a fresh start.